 Dungeon Crawl Stone Soup version 0.17-a0-1468-gbf503c2 (webtiles) character file.

294 abixa the Cudgeler (level 6, 0/59 HPs)
             Began as an Ogre Gladiator on July 1, 2015.
             Succumbed to a worker ant's poison
             ... on level 4 of the Dungeon.
             The game lasted 00:09:17 (3678 turns).

abixa the Cudgeler (Ogre Gladiator)                 Turns: 3678, Time: 00:09:17

Health: 0/59       AC:  3    Str: 26    XL:     6   Next: 33%
Magic:  6/6        EV: 10    Int:  9    God:
Gold:   172        SH:  0    Dex: 10    Spells: 0 memorised, 5 levels left

rFire  . . .     SeeInvis .     a - +0 morningstar
rCold  . . .     Clarity  .     b - +0 robe
rNeg   . . .     SustAt   +     (no shield)
rPois  .         Gourm    .     c - +0 hat
rElec  .         Spirit   .     (no cloak)
rCorr  .         Warding  .     (gloves unavailable)
rMut   .         Stasis   .     (boots unavailable)
MR     .....                    (no amulet)
Stlth  +.........               (no ring)
                                g - ring of sustain attributes

@: mighty, lethally poisoned (0 -> -28), not resistant to hostile enchantments,
very unstealthy
A: unfitting armour, tough skin 1
a: no special abilities


You were on level 4 of the Dungeon.
You were very hungry.

You visited 1 branch of the dungeon, and saw 4 of its levels.

You collected 172 gold pieces.

Inventory:

Hand weapons
 a - a +0 morningstar (weapon)
 q - a +0 hunting sling
Missiles
 d - 3 throwing nets
 h - 25 stones (quivered)
 j - 13 poisoned needles
 m - 95 bolts
 o - 6 javelins
 p - 19 sling bullets
Armour
 b - a +0 robe (worn)
 c - a +0 hat (worn)
Jewellery
 g - a ring of sustain attributes (left hand)
Scrolls
 f - a scroll of magic mapping {unknown}
 l - a scroll of random uselessness {unknown}
 n - 3 scrolls of fear {unknown}
 r - 4 scrolls of identify {unknown}
 s - a scroll of teleportation {unknown}
 u - 2 scrolls of remove curse {unknown}
Potions
 w - a potion of heal wounds {unknown}
 x - a potion of agility {unknown}
Comestibles
 e - 2 bread rations
 k - 7 fruits
 t - 2 meat rations
 v - a slice of pizza


   Skills:
 - Level 2.6 Fighting
 * Level 7.8 Maces & Flails
 + Level 4.3 Throwing
 - Level 2.6 Dodging


You had 5 spell levels left.
You didn't know any spells.

Dungeon Overview and Level Annotations

Branches:
Dungeon (4/15)
 Temple: D:4-7

Altars:
Ashenzari
Dithmenos
Elyvilon
Fedhas
Makhleb
Ru
The Shining One


Innate Abilities, Weirdness & Mutations

You are too large for most types of armour.
You have tough skin (AC +1).


Message History

* * * LOW HITPOINT WARNING * * *
You feel sick. The worker ant bites you.
* * * LOW HITPOINT WARNING * * *
You closely miss the worker ant.
The worker ant is almost dead.
* * * LOW HITPOINT WARNING * * *
You feel very sick. The worker ant closely misses you.
You barely miss the worker ant.
The worker ant is almost dead.
* * * LOW HITPOINT WARNING * * *
You feel sick. The worker ant bites you.
* * * LOW HITPOINT WARNING * * *
You are more poisoned.
The worker ant poisons you! The worker ant closely misses you.
Drink which item? (? for menu, Esc to quit)
It was a potion of might.
You feel very mighty all of a sudden.
You are feeling very hungry.
You die...

#..#.# #..#.# .#
######..#.# .#
.#........# .#
.#.#......# (#
.#.#......# .#
.#.####+#.# (#
........#.########a#
........#........@.#
........############
.#+####+######
.............#
##.#.........#
...#.........#
.............#
.............#
.............#


You could see a worker ant.

Vanquished Creatures
  A scorpion (D:4)
  An orc priest (D:3)
  A hound (D:4)
  2 orc wizards (D:3)
  5 adders
  An adder skeleton (D:3)
  5 worms
  2 giant geckos
  11 orcs
  3 giant cockroaches (D:1)
  11 goblins
  3 hobgoblins (D:2)
  6 jackals
  6 kobolds
  A quokka (D:2)
  A bat (D:2)
  A giant newt (D:3)
  4 rats
65 creatures vanquished.

Notes
Turn   | Place    | Note
--------------------------------------------------------------
     0 | D:1      | abixa the Ogre Gladiator began the quest for the Orb.
     0 | D:1      | Reached XP level 1. HP: 22/22 MP: 1/1
   174 | D:1      | Reached XP level 2. HP: 29/29 MP: 2/2
   616 | D:2      | Reached skill level 5 in Maces & Flails
   616 | D:2      | Reached XP level 3. HP: 34/36 MP: 3/3
   956 | D:2      | Found a sacrificial altar of Ru.
  1132 | D:2      | Found a shadowy altar of Dithmenos.
  1240 | D:2      | Reached XP level 4. HP: 29/44 MP: 4/4
  1442 | D:2      | Found a white marble altar of Elyvilon.
  1702 | D:2      | Found a blossoming altar of Fedhas.
  1748 | D:2      | HP: 2/44 [poisoned by an adder]
  1995 | D:2      | Found a burning altar of Makhleb.
  2103 | D:2      | Reached skill level 6 in Maces & Flails
  2314 | D:3      | Reached XP level 5. HP: 18/50 MP: 5/5
  2803 | D:3      | Found a glowing golden altar of the Shining One.
  2825 | D:3      | Reached skill level 7 in Maces & Flails
  3273 | D:3      | Found a shattered altar of Ashenzari.
  3380 | D:4      | Reached XP level 6. HP: 23/59 MP: 6/6
  3678 | D:4      | Succumbed to a worker ant's poison

Vault maps used:
D:1:      minmay_arrival_split_and_join, serial_bayou_pond_a
D:2:      lemuel_coloured_pillars_altar, elyvilon_altar_3,
          nicolae_dithmenos_shadow_blocks, old_standard_altar, first_bread,
          nicolae_ru_awakened_eye
D:3:      ashenzari_conservatory_becter, tso_oasis_becter
D:4:      forest_paths, serial_shops, kennysheep_mini,
          cheibrodos_ashenzari_chains

Action                   |  1- 3 |  4- 6 || total
-------------------------+-------+-------++-------
Melee: Flail             |    88 |    78 ||   166
       Morningstar       |       |   102 ||   102
Throw: Stone             |     2 |    62 ||    64
  Use: Potion            |       |     1 ||     1
  Eat: Chunk             |     1 |     7 ||     8
